 Dungeon Crawl Stone Soup version 0.32-a0-893-gf85d74f360 (webtiles) character file.

Game seed: 5689250392439960743

39 pokedragonboy the Grasshopper (level 3, -6/29 HPs)
             Began as an Armataur Warper on Apr 3, 2024.
             Killed by nerve-wracking pain
             ... invoked by Jessica
              (13 damage)
             ... on level 2 of the Dungeon.
             The game lasted 00:01:42 (794 turns).

pokedragonboy the Grasshopper (Armataur Warper)      Turns: 794, Time: 00:01:44

Health: -6/29      AC:  5    Str: 18    XL:     3   Next: 26%
Magic:  5/5        EV:  7    Int: 13    God:
Gold:   56         SH:  0    Dex:  9    Spells: 5/5 levels left

rFire   . . .        a - +0 hand axe
rCold   . . .        (no shield)
rNeg    . . .        f - +0 ring mail
rPois   .            (no helmet)
rElec   .            (no cloak)
rCorr   .            (no gloves)
SInv    .            (no barding)
Will    .....        (no amulet) Stlth
                     (no ring)
HPRegen 0.24/turn    (no ring)
MPRegen 0.09/turn

%: roll
@: no status effects
A: large, deformed body, tough skin 3, armoured tail, rollpage 1
a: no special abilities


You were on level 2 of the Dungeon.
You visited 1 branch of the dungeon, and saw 2 of its levels.

You collected 56 gold pieces.

Inventory:

Hand Weapons
 a - a +0 hand axe (weapon)
 j - a +1 dagger of speed
Missiles
 d - 7 darts of dispersal (quivered)
 g - 6 poisoned darts
Armour
 b - a +0 leather armour
 f - a +0 ring mail (worn)
Scrolls
 c - 2 scrolls of blinking
 e - a scroll of fog {unknown}
 k - a scroll of identify
Potions
 h - a potion of lignification
 i - a potion of enlightenment {unknown}
 l - a potion of brilliance {unknown}


   Skills:
 + Level 2.2 Fighting
 * Level 2.4 Axes
 - Level 0.8 Throwing
 + Level 2.1 Armour
 - Level 1.4 Dodging
 - Level 1.7 Spellcasting
 - Level 3.0 Translocations


You had 5 spell levels left.
You didn't know any spells.
Your spell library contained the following spells:

 Spells                   Type           Power      Damage    Failure   Level
 Blink                    Tloc           18%        N/A       21%         2
 Lesser Beckoning         Tloc           18%        N/A       21%         2
 Maxwell's Portable Pile  Tloc           9%         2d(6-16)  36%         3
 Teleport Other           Tloc           9%         N/A       36%         3
 Vhi's Electric Charge    Tloc/Air       10%        N/A       94%         4


Dungeon Overview and Level Annotations

Branches:
Dungeon (2/15)

Altars:

Annotations:
D:2 Jessica


Innate Abilities, Weirdness & Mutations

Armour fits poorly on your strangely shaped body.
You have extremely tough skin. (AC +3)
You have a long armoured tail.
You regenerate magic when rolling toward enemies. (Rampage MPRegen)


Message History

A hobgoblin is nearby!
You hit the hobgoblin.
You kill the hobgoblin!
No target in view!
No target in view!
No target in view!
No target in view!
Jessica the Apprentice Sorceress comes into view.
She is wielding a +0 club.
Jessica shouts!
Jessica hits you with a +0 club.
You closely miss Jessica.
Your tail-slap misses Jessica.
Jessica mumbles some strange words.
Jessica blinks!
Jessica casts a spell at you. Pain shoots through your body!
Jessica points at you and mumbles some strange words.
Pain shoots through your body!
* * * LOW HITPOINT WARNING * * *
Okay, then.
Jessica mumbles some strange words.
Jessica blinks!
Jessica gestures wildly while chanting.
Jessica blinks!
You hit Jessica.
Jessica is heavily wounded.
Jessica hits you but does no damage.
You hit Jessica but do no damage. You tail-slap Jessica.
Jessica is heavily wounded.
Jessica hits you but does no damage.
You hit Jessica. You tail-slap Jessica.
Jessica is almost dead.
Jessica gestures wildly while chanting.
Jessica seems to speed up.
You completely miss Jessica.
Jessica is almost dead.
Jessica mumbles some strange words.
Jessica blinks!
Jessica points at you and mumbles some strange words.
Pain shoots through your body!
You die...

#.# #.# #.# #.#.# #.#
#.#.# #.####.# #.#.#
#......# #.#.#
#####..###.#.#
##..........#.#
..>.........#ยง#######
##......@...@........
#.......<#.#.######
#.#......#.#.#
#.#.###..#.#.# #...
#..#.#.# #.#. #..#.#.#
## #....... #.#.####.
#. . .#


You could see Jessica (fast).

Vanquished Creatures
  A dart slug (D:1)
  4 endoplasms (D:1)
  A giant cockroach (D:1)
  A goblin (D:1)
  5 hobgoblins
  6 jackals (D:1)
  2 quokkas (D:1)
  3 ball pythons (D:1)
  A bat (D:1)
  A frilled lizard (D:1)
  4 kobolds (D:1)
  2 rats (D:1)
31 creatures vanquished.

Notes
Turn   | Place    | Note
-------+----------+-------------------------------------------
     0 | D:1      | pokedragonboy the Armataur Warper began the quest for the
                  | Orb.
     0 | D:1      | Reached XP level 1. HP: 17/17 MP: 3/3
   106 | D:1      | Reached XP level 2. HP: 1/24 MP: 4/4
   449 | D:1      | Reached XP level 3. HP: 29/29 MP: 5/5
   781 | D:2      | Noticed Jessica
   794 | D:2      | Killed from afar by Jessica

Illustrated notes

Levels and vault maps discovered:
D:1:      nicolae_arrival_memento_mori, layout_rooms
D:2:      layout_basic, uniq_crazy_yiuf_cottage, uniq_jessica

Skill      XL: |  1  2 |
---------------+-------+-----
Fighting       | 2 |  2.2
Axes           | 2 |  2.4
Armour         | 2 |  2.1
Throwing       | |  0.8
Dodging        | |  1.4
Spellcasting   | |  1.7
Translocations | |  3.0

Action                     || total
---------------------------++-------
  Melee: Hand axe          ||   118
         Tailslap          ||    11
    Use: Scroll            ||     1
 Armour: Ring mail         ||    88
         Leather armour    ||     2
  Dodge: Dodged            ||    47

Table legend: (Time is in decaauts)
 A = Elapsed time spent in this place.
 B = Non-inter-level travel time spent in this place.
 C = Inter-level travel time spent in this place.
 D = Time resting spent in this place.
 E = Time spent auto-exploring this place.
 F = Levels seen in this place.
 G = Mean time per level.
                   A        B        C        D        E       F      G
               +--------+--------+--------+--------+--------+-----+--------+
         Total |    816 |    811 |      5 |    149 |    431 |   2 |  408.0 |
       Dungeon |    816 |    811 |      5 |    149 |    431 |   2 |  408.0 |
               +--------+--------+--------+--------+--------+-----+--------+

Top non-repeatable levels by time:
     D:1: 789 daAuts
     D:2: 26 daAuts
